 Dungeon Crawl Stone Soup version 0.28.0-43-g3370ac3207 (webtiles) character file.

Game seed: 16225425308225547072

153 Saba the Bolt Thrower (level 5, -1/32 HPs)
             Began as a Gargoyle Hunter on Apr 2, 2022.
             Slain by Blork the orc
             ... wielding a +0 war axe
              (12 damage)
             ... on level 4 of the Dungeon.
             The game lasted 00:05:30 (4077 turns).

Saba the Bolt Thrower (Gargoyle Hunter)             Turns: 4077, Time: 00:05:30

Health: -1/32      AC: 14    Str: 17    XL:     5   Next: 35%
Magic:  5/5        EV:  8    Int: 12    God:
Gold:   84         SH:  0    Dex: 10    Spells: 4/4 levels left

rFire   + . .      SeeInvis .   b - +0 short sword
rCold   . . .      Faith    .   (no shield)
rNeg    + . .      Spirit   .   g - +0 chain mail
rPois   ∞          Reflect  .   (no helmet)
rElec   +          Harm     .   (no cloak)
rCorr   .          Rampage  .   k - +0 pair of gloves
Will    .....                   (no boots)
Stlth   ..........              (no amulet)
HPRegen 0.10/turn               (no ring)
MPRegen 0.09/turn               (no ring)

@: no status effects
A: sickness immunity, AC +4, negative energy resistance 1, electricity
resistance, torment resistance 1, petrification resistance, talons 1, fire
resistance 1, sturdy frame 1, noise suppression
a: no special abilities


You were on level 4 of the Dungeon.
You visited 1 branch of the dungeon, and saw 4 of its levels.

You collected 84 gold pieces.

Inventory:

Hand Weapons
 a - a +1 hand crossbow
 b - a +0 short sword (weapon)
Missiles
 d - 19 bolts
 f - 49 arrows
Armour
 g - a +0 chain mail (worn)
 k - a +0 pair of gloves (worn)
Scrolls
 c - a scroll of blinking {unknown}
 e - a scroll of brand weapon {unknown}
 i - 2 scrolls of identify {unknown}
 j - a scroll of fear {unknown}
 m - a scroll of amnesia {unknown}
 n - a scroll of noise {unknown}
Potions
 h - a potion of curing {unknown}
 l - a potion of berserk rage {unknown}
 o - a potion of might {unknown}
 p - a potion of heal wounds {unknown}
 q - a potion of lignification
 r - a potion of cancellation {unknown}


   Skills:
 + Level 3.4 Fighting
 + Level 4.7 Crossbows
 + Level 2.4 Armour
 + Level 2.5 Dodging
 - Level 1.1 Stealth


You had 4 spell levels left.
You didn't know any spells.
Your spell library contained the following spells:

 Spells                   Type           Power      Damage    Failure   Level
 Ensorcelled Hibernation  Hex/Ice        0%         N/A       98%         2
 Passwall                 Tmut/Erth      0%         N/A       98%         2
 Swiftness                Air            0%         N/A       100%        3


Dungeon Overview and Level Annotations

Branches:
Dungeon (4/15)
 Temple: D:4-7

Altars:
Makhleb

Shops:
D:2 (

Annotations:
D:4 Blork the orc


Innate Abilities, Weirdness & Mutations

You are immune to sickness and miasma.
Your stone body is resilient. (AC +4)
You are immune to poison.
You resist negative energy. (rN+)
You are resistant to electric shocks. (rElec)
You are resistant to unholy torment.
You are immune to petrification.
You have sharp toenails.
Your flesh is heat resistant. (rF+)
Your movements are slightly less encumbered by armour. (ER -2)
You passively dampen the noise of your surroundings.


Message History

The adder is severely wounded.
The adder closely misses you. Blork the orc barely misses you.
The adder barely misses you.
You closely miss the adder.
The adder is severely wounded.
The centaur skeleton completely misses you.
The centaur skeleton kicks you but does no damage.
Blork the orc hits you but does no damage.
The adder completely misses you.
The centaur skeleton hits you but does no damage.
The centaur skeleton kicks you but does no damage.
You closely miss the adder.
The adder is severely wounded.
The adder bites you.
Blork the orc hits you with a +0 war axe.
The centaur skeleton hits you but does no damage.
The centaur skeleton barely misses you. The adder bites you.
You hit the adder.
You kill the adder!
The centaur skeleton hits you.
The centaur skeleton kicks you but does no damage.
Blork the orc points at you and mumbles some strange words.
The puff of flame hits you but does no damage.
The centaur skeleton hits you but does no damage.
The centaur skeleton barely misses you.
Blork the orc miscasts a cantrip.
Blork the orc gestures wildly while chanting.
Blork the orc seems to speed up.
The centaur skeleton hits you. The centaur skeleton kicks you.
You hit the centaur skeleton.
The centaur skeleton is lightly damaged.
The centaur skeleton hits you.
The centaur skeleton kicks you but does no damage.
You hit the centaur skeleton.
You claw the centaur skeleton, but do no damage.
The centaur skeleton is moderately damaged.
You hit Blork the orc but do no damage. You claw Blork the orc.
Blork the orc is lightly wounded.
Blork the orc hits you with a +0 war axe!
You die...

#................. #.....
.###.......#......... ##...#
............... #....
............. ##. .###...
.........<.# ###.. .......
..........###...... ......##
..........#.#..##.# ##.#..##
...#....#Zo.......# ###..##
........###@.####.### #..###
........####......#.###.....
..........###........#..##..
.....#....##......##...####.
.###.###.........####..# #.
# #.........# #### ##
#####.....# ##...## ##.##


You could see Blork the orc (fast) and a centaur skeleton.

Vanquished Creatures
  An orc wizard (D:3)
  4 adders
  3 gnolls (D:3)
  A worm (D:2)
  A dart slug (D:1)
  3 orcs (D:3)
  4 ball pythons
  2 endoplasms
  2 giant cockroaches
  5 hobgoblins
  4 jackals (D:2)
  7 kobolds
  3 quokkas
  4 bats (D:3)
  2 frilled lizards
  2 goblins
  8 rats
56 creatures vanquished.

Notes
Turn   | Place    | Note
-------+----------+-------------------------------------------
     0 | D:1      | Saba the Gargoyle Hunter began the quest for the Orb.
     0 | D:1      | Reached XP level 1. HP: 12/12 MP: 1/1
   327 | D:1      | Gained mutation: You are clumsy. (Dex -2) [potion of
                  | mutation]
   747 | D:1      | Reached XP level 2. HP: 18/18 MP: 2/2
  1007 | D:1      | Reached skill level 1 in Armour
  1477 | D:1      | Found a faded altar of an unknown god.
  1707 | D:2      | Reached XP level 3. HP: 19/22 MP: 3/3
  2286 | D:2      | Reached XP level 4. HP: 28/28 MP: 4/4
  2501 | D:2      | Found Fasash's Weapon Boutique.
  2998 | D:3      | Lost mutation: You are clumsy. (Dex -2) [potion of
                  | mutation]
  2998 | D:3      | Gained mutation: Your flesh is heat resistant. (rF+)
                  | [potion of mutation]
  2998 | D:3      | Gained mutation: Your movements are slightly less
                  | encumbered by armour. (ER -2) [potion of mutation]
  2998 | D:3      | Gained mutation: You passively dampen the noise of your
                  | surroundings. [potion of mutation]
  2998 | D:3      | Gained mutation: You have sharp toenails. [potion of
                  | mutation]
  3298 | D:3      | Reached XP level 5. HP: 25/32 MP: 5/5
  3983 | D:4      | Found a burning altar of Makhleb.
  4062 | D:4      | Noticed Blork the orc
  4077 | D:4      | Slain by Blork the orc

Illustrated notes

Levels and vault maps discovered:
D:1:      mrwooster_arrival_statue_2, layout_rooms,
          shapermc_ecumenical_altar_mp_urbaneastern, minmay_crystal_water
D:2:      layout_rooms, serial_shops, shop, kennysheep_generic_room_8
D:3:      layout_basic, grunt_decor_mini_mirrors
D:4:      layout_cave_pools, slow_altar_2, mainiacjoe_overflow_small_starburst,
          minmay_temple_entry_poolview, chequers_jeans, chequers_avenue,
          st_stairs_10, uniq_blork_the_orc

Skill      XL: |  1  2  3  4 |
---------------+-------------+-----
Armour         | 1 2 |  2.4
Dodging        | 2 |  2.5
Fighting       | 3 |  3.4
Crossbows      | |  4.7
Stealth        | |  1.1

Action                   |  1- 3 |  4- 6 || total
-------------------------+-------+-------++-------
Melee: Short sword       |   200 |    96 ||   296
       Punch             |     4 |       ||     4
       Kick              |       |    14 ||    14
 Fire: Hand crossbow     |       |     7 ||     7
  Use: Potion            |     1 |     2 ||     3
 Stab: Sleeping          |     1 |       ||     1
Armor: Leather armour    |    31 |       ||    31
       Chain mail        |    98 |    55 ||   153
       Skin              |       |    20 ||    20
Dodge: Dodged            |    95 |    36 ||   131
